Map: Dusk Towers

Players

energienoire

  • Race: Protoss Protoss

capac - Winner!

  • Race: Terran Terran
  • League: Gold

VOD

Have the link to the VOD?

Description

Time

  • Played on: April 26, 2016, 5:51 p.m.
  • Length: 15:55
Show
View Real Time Build Order
Export as new Build Order

energienoire Protoss 

Build Orders: Double Forge, Nexus First 

Get SALT Encoding   

  12  0:02  Probe (Chrono Boost)  
  13  0:19  Pylon  
  13  0:22  Probe (Chrono Boost)  
  14  0:32  Probe (Chrono Boost)  
  15  0:43  Probe (Chrono Boost)  
  16  0:53  Probe (Chrono Boost)  
  17  1:05  Nexus  
  17  1:08  Probe (Chrono Boost)  
  18  1:13  Assimilator  
  18  1:19  Gateway  
  18  1:27  Probe (Chrono Boost)  
  19  1:33  Pylon  
  19  1:38  Probe (Chrono Boost)  
  20  1:48  Probe (Chrono Boost)  
  21  1:56  Gateway  
  21  1:59  Probe (Chrono Boost)  
  22  2:02  Assimilator  
  22  2:09  Probe (Chrono Boost)  
  23  2:17  Cybernetics Core  
  23  2:19  Zealot  
  23  2:20  Probe (Chrono Boost)  
  26  2:30  Probe (Chrono Boost)  
  27  2:41  Probe (Chrono Boost)  
  26  3:00  Stalker x2  
  26  3:03  Mothership Core (Chrono Boost)  
  26  3:05  Probe (Chrono Boost)  
  33  3:16  Probe (Chrono Boost)  
  34  3:26  Probe (Chrono Boost)  
  35  3:37  Probe (Chrono Boost)  
  36  3:43  Probe (Chrono Boost)  
  36  3:47  Probe (Chrono Boost)  
  38  3:54  Probe (Chrono Boost)  
  39  3:55  Forge  
  39  3:58  Probe (Chrono Boost)  
  39  3:59  Stalker x2  
  44  4:15  Forge  
  44  4:23  Pylon  
  44  4:28  Stalker  
  46  4:37  Assimilator  
  46  4:41  Probe (Chrono Boost), Stalker  
  46  4:42  Assimilator  
  46  4:45  Pylon  
  49  4:50  Nexus  
  49  4:52  Probe (Chrono Boost)  
  50  4:57  Probe (Chrono Boost)  
  51  5:02  Probe (Chrono Boost)  
  52  5:08  Probe (Chrono Boost)  
  52  5:12  Stargate  
  52  5:13  Probe (Chrono Boost)  
  54  5:15  Stargate  
  54  5:20  Stargate  
  54  5:26  Pylon  
  55  5:28  Probe (Chrono Boost)  
  55  5:31  Probe (Chrono Boost)  
  56  5:39  Probe (Chrono Boost)  
  56  5:40  Photon Cannon  
  56  5:42  Probe (Chrono Boost)  
  58  5:46  Photon Cannon  
  58  5:53  Stargate  
  58  6:04  Void Ray  
  58  6:10  Void Ray  
  66  6:16  Assimilator  
  66  6:21  Void Ray  
  66  6:23  Probe (Chrono Boost)  
  71  6:26  Probe (Chrono Boost)  
  71  6:29  Probe (Chrono Boost)  
  73  6:38  Pylon  
  73  6:41  Probe (Chrono Boost)  
  73  6:42  Void Ray  
  78  6:49  Void Ray  
  82  6:57  Void Ray  
  86  7:07  Pylon  
  86  7:09  Void Ray  
  86  7:14  Probe (Chrono Boost)  
  92  7:29  Void Ray  
  95  7:32  Void Ray  
  95  7:33  Probe (Chrono Boost)  
  100  7:39  Pylon  
  100  7:41  Pylon  
  100  7:44  Probe (Chrono Boost)  
  101  7:47  Assimilator  
  101  7:57  Void Ray  
  101  7:58  Void Ray  
  109  8:10  Probe (Chrono Boost)  
  109  8:12  Void Ray  
  114  8:19  Pylon  
  114  8:20  Probe (Chrono Boost)  
  115  8:31  Probe (Chrono Boost)  
  115  8:33  Pylon  
  116  8:36  Void Ray  
  116  8:37  Pylon  
  120  8:41  Void Ray  
  124  8:50  Void Ray  
  124  8:52  Protoss Air Weapons Level 1  
  124  8:55  Protoss Shields Level 1  
  128  9:02  Void Ray  
  128  9:06  Probe (Chrono Boost)  
  133  9:16  Probe (Chrono Boost)  
  134  9:19  Void Ray  
  138  9:24  Pylon  
  138  9:28  Pylon  
  138  9:42  Void Ray, Pylon  
  138  9:45  Void Ray  
  146  9:49  Void Ray  
  150  9:56  Robotics Facility  
  150  10:02  Probe (Chrono Boost)  
  151  10:09  Void Ray  
  151  10:13  Probe (Chrono Boost)  
  156  10:17  Pylon  
  156  10:19  Pylon  
  156  10:23  Probe (Chrono Boost)  
  156  10:27  Void Ray  
  161  10:34  Probe (Chrono Boost)  
  162  10:47  Observer, Fleet Beacon, Protoss Air Armor Level 1  
  163  10:54  Void Ray  
  163  10:55  Pylon  
  167  11:07  Void Ray x2  
  167  11:09  Observer  
  176  11:11  Probe (Chrono Boost)  
  177  11:18  Pylon  
  177  11:22  Probe (Chrono Boost)  
  178  11:27  Pylon  
  178  11:38  Tempest  
  188  11:48  Tempest  
  188  11:51  Probe (Chrono Boost)  
  193  12:01  Probe (Chrono Boost)  
  194  12:11  Nexus  
  194  12:33  Tempest  
  198  12:47  Twilight Council, Observer  
  53  14:19  Stalker  
  53  14:20  Stalker  
  53  14:24  Photon Cannon  
  53  14:30  Photon Cannon  
  53  14:55  Stargate  
  53  15:03  Photon Cannon  
  53  15:09  Photon Cannon  
  53  15:31  Mothership Core (Chrono Boost)  
Show
View Real Time Build Order
Export as new Build Order

capac Terran - Winner!

Build Orders: Reaper Expand 

Get SALT Encoding   

  12  0:00  SCV  
  13  0:13  SCV  
  14  0:18  Supply Depot  
  14  0:25  SCV  
  15  0:40  Barracks, SCV  
  16  0:45  Refinery  
  16  0:52  SCV  
  17  1:04  SCV  
  18  1:16  SCV  
  19  1:30  Orbital Command  
  19  1:31  Reaper  
  20  1:42  Supply Depot  
  20  1:48  Command Center  
  20  1:59  SCV  
  21  2:04  Marine  
  22  2:10  Factory  
  22  2:13  Refinery, SCV  
  23  2:25  Barracks Reactor  
  23  2:31  SCV  
  24  3:01  Marine x2  
  24  3:02  Factory Tech Lab  
  24  3:03  Starport  
  26  3:07  Orbital Command  
  26  3:08  SCV  
  26  3:09  Barracks  
  27  3:30  Barracks  
  27  3:31  Barracks  
  27  3:32  Barracks  
  27  3:33  SCV x2  
  29  3:38  Marine x2  
  31  3:43  Siege Tank  
  31  3:47  SCV  
  35  3:48  SCV  
  36  3:58  Barracks Tech Lab  
  36  3:59  SCV  
  36  4:00  SCV  
  38  4:09  Medivac  
  40  4:10  Supply Depot  
  40  4:11  SCV  
  40  4:12  SCV  
  42  4:23  Refinery  
  42  4:24  Barracks Reactor x2  
  42  4:29  Marine x3  
  42  4:30  Marine  
  46  4:40  Engineering Bay  
  46  4:52  SCV x2  
  48  4:54  Marine x3  
  48  4:55  Marine  
  52  5:01  Supply Depot  
  52  5:03  Supply Depot  
  52  5:06  Marine x2  
  54  5:09  Stimpack  
  54  5:11  Starport Reactor  
  54  5:22  Refinery  
  54  5:23  Marine x4  
  54  5:26  SCV x2  
  54  5:28  Missile Turret  
  60  5:29  Marine  
  60  5:30  Marine  
  60  5:31  Supply Depot, Barracks Reactor  
  62  5:36  Terran Infantry Weapons Level 1  
  62  5:39  Engineering Bay, SCV  
  62  5:40  SCV  
  64  5:52  SCV  
  64  5:55  SCV  
  64  5:56  Marine x2  
  64  5:57  Marine x4  
  68  6:01  Supply Depot  
  68  6:04  SCV  
  73  6:06  Medivac x2  
  77  6:12  SCV  
  78  6:21  Supply Depot  
  78  6:23  Supply Depot, SCV  
  79  6:30  Terran Infantry Armor Level 1, Armory  
  79  6:36  Starport  
  79  6:46  Command Center  
  79  6:48  Siege Tank  
  79  6:50  Marine x3  
  79  6:51  Marine x3  
  88  6:55  SCV x2  
  90  7:03  Supply Depot  
  90  7:06  Supply Depot  
  90  7:07  SCV  
  91  7:09  Medivac  
  93  7:29  Supply Depot  
  93  7:32  Terran Ship Weapons Level 1  
  93  7:33  Starport Reactor  
  93  7:40  Terran Infantry Weapons Level 2  
  93  7:43  Supply Depot  
  93  7:47  Liberator  
  93  7:48  Liberator  
  93  7:57  Supply Depot  
  95  7:58  Supply Depot  
  95  8:00  Missile Turret  
  99  8:07  SCV x2  
  99  8:11  Liberator x2  
  101  8:22  Missile Turret  
  101  8:24  Marine x9  
  116  8:35  Supply Depot x2, Liberator  
  116  8:36  Liberator  
  116  8:38  SCV x2  
  116  8:41  Marine, Orbital Command  
  125  8:56  Marine x6, Liberator  
  125  8:57  Marine x2  
  125  9:00  Supply Depot  
  125  9:02  Terran Infantry Armor Level 2  
  136  9:19  Refinery  
  136  9:22  Refinery  
  136  9:24  Liberator x3  
  136  9:29  Missile Turret  
  136  9:35  Supply Depot, Missile Turret  
  136  9:37  Supply Depot  
  136  9:43  Liberator  
  145  9:56  Marine x5  
  145  9:57  Marine x4  
  157  10:14  Supply Depot, Marine  
  157  10:15  Terran Infantry Weapons Level 3  
  158  10:34  Medivac x2  
  162  10:40  Medivac  
  164  10:49  Command Center  
  164  11:00  Barracks  
  164  11:04  Liberator x3  
  164  11:06  Barracks  
  164  11:14  Starport, SCV x3  
  176  11:26  SCV  
  177  11:45  Liberator  
  177  11:48  Liberator x2  
  177  12:08  Terran Ship Weapons Level 2  
  186  12:22  Barracks  
  186  12:26  SCV  
  186  12:27  SCV x2  
  189  12:38  Marine  
  189  12:39  Barracks Tech Lab  
  189  12:43  Barracks  
  190  12:54  Missile Turret  
  190  13:11  Barracks Reactor  
  190  13:15  Planetary Fortress  
  125  14:13  Liberator x2  
  125  14:14  Liberator x2  
  137  14:31  Marine  
  137  14:32  Marine x11  
  149  14:49  Marine  
  149  14:50  Marine x11  
  161  14:56  Command Center  
  160  15:07  Marine x3  
  160  15:08  Marine x3  
Tags
 
Add a new tag
Caveats
  • Supply blocks, unpowered buildings, or Contaminate may cause inaccurate times.
  • Supply counts are checked every 10 seconds.